 Dungeon Crawl Stone Soup version 0.30-a0-364-gf6b3ef1049 (webtiles) character file.

Game seed: 1668069917054396186

861 jlumianski the Chopper (level 7, -1/51 (53) HPs)
             Began as a Demonspawn Fighter on Nov 15, 2022.
             Was an Initiate of Qazlal.
             Slain by a killer bee (8 damage)
             ... on level 4 of the Dungeon.
             The game lasted 00:21:48 (4056 turns).

jlumianski the Chopper (Demonspawn Fighter)         Turns: 4056, Time: 00:21:48

HP:   -1/51 (53)    AC:  8    Str: 22    XL:     7   Next: 71%
MP:   7/7           EV: 13    Int:  8    God:    Qazlal [......]
Gold: 227           SH: 11    Dex: 12    Spells: 6/6 levels left

rFire   . . .      SeeInvis .    a - +0 war axe (chaos)
rCold   . . .      Faith    .    c - +0 buckler
rNeg    . . .      Spirit   .    b - +0 scale mail
rPois   .          Reflect  .    (helmet restricted)
rElec   .          Harm     .    g - +0 cloak
rCorr   .          Rampage  .    (no gloves)
Will    .....                    (no boots)
Stlth   ..........               (no amulet)
HPRegen 0.28/turn                s - ring of flight
MPRegen 0.10/turn                t - +4 ring of evasion

@: lethally poisoned (-1 -> -4), flying, lightly drained
A: large bone plates 2, powered by death 1, weakness stinger 1, antennae 1,
strong 1, MP-powered wands
a: Renounce Religion


You were on level 4 of the Dungeon.
You worshipped Qazlal.
Qazlal was noncommittal.
You visited 2 branches of the dungeon, and saw 6 of its levels.

You collected 227 gold pieces.

Inventory:

Hand Weapons
 a - a +0 war axe of chaos (weapon)
Missiles
 f - 2 boomerangs
 k - 5 javelins (quivered)
 n - 49 stones
 q - 7 poisoned darts
Armour
 b - a +0 scale mail (worn)
 c - a +0 buckler (worn)
 g - a +0 cloak (worn)
 m - a +0 helmet
Jewellery
 s - a ring of flight (left hand)
 t - a +4 ring of evasion (right hand)
Scrolls
 j - a scroll of amnesia
 o - 3 scrolls of immolation
 v - a scroll of enchant armour {unknown}
 w - 3 scrolls of blinking {unknown}
Potions
 d - 2 potions of might
 e - a potion of berserk rage
 i - 2 potions of mutation
 l - 2 potions of flight
 p - a potion of heal wounds
 r - a potion of haste {unknown}
 u - a potion of resistance {unknown}


   Skills:
 + Level 3.9 Fighting
 + Level 5.4 Axes
 + Level 0.9 Throwing
 + Level 4.5 Armour
 + Level 1.1 Dodging
 + Level 0.5 Stealth
 + Level 4.4 Shields


You had 6 spell levels left.
You didn't know any spells.
Your spell library contained the following spells:

 Spells                   Type           Power      Damage    Failure   Level
 Foxfire                  Conj/Fire      0%         2x1d4     82%         1
 Ignite Poison            Fire/Tmut/Pois 0%         N/A       99%         3
 Sticky Flame             Conj/Fire      0%         2d3       100%        4
 Fireball                 Conj/Fire      0%         3d3       100%        5
 Starburst                Conj/Fire      0%         6d3       100%        6
 Ignition                 Fire           0%         3d3       100%        8


Dungeon Overview and Level Annotations

Branches:
Dungeon (5/15)             Temple (1/1) D:4

Altars:
Cheibriados
Dithmenos
Hepliaklqana
Makhleb
Nemelex Xobeh
Okawaru
Qazlal
Ru
Uskayaw
Vehumet
Wu Jian
Xom
Yredelemnul

Shops:
D:2 *   D:5 =


Innate Abilities, Weirdness & Mutations

You are mostly covered in large bone plates. (SH +6)
You regenerate a little health from kills.
You have a small tail.
You have a pair of small antennae on your head.
Your muscles are strong. (Str +4, Int/Dex -1)
You expend magic power (3 MP) to strengthen your wands.


Message History

The gnoll attacks as you move away! The gnoll closely misses you.
You feel sick. You block the killer bee's attack.
The gnoll attacks as you move away! The gnoll hits you but does no damage.
You feel sick. You block the killer bee's attack.
The killer bee attacks as you move away!
You block the killer bee's attack.
You feel sick. You block the killer bee's attack.
The killer bee attacks as you move away!
You block the killer bee's attack.
You feel sick.
You are no longer poisoned.
You block the killer bee's attack. The killer bee stings you.
You are poisoned.
The killer bee poisons you!
The killer bee attacks as you move away!
The killer bee closely misses you.
You feel very sick.
The killer bee stings you but does no damage.
There is an escape hatch in the ceiling here.
You feel sick. You block the killer bee's attack.
The gnoll hits you from afar with a +0 spear.
* * * LOW HITPOINT WARNING * * *
You block the killer bee's attack. A mysterious force pulls you upwards.
The hatch slams shut behind you.
You feel sick.
You feel better. The killer bee stings you! The killer bee closely misses you.
You barely miss the killer bee. The killer bee stings you.
* * * LOW HITPOINT WARNING * * *
You are poisoned.
The killer bee poisons you! You block the killer bee's attack.
The killer bee misses you.
You barely miss the killer bee.
You feel sick. The killer bee stings you.
* * * LOW HITPOINT WARNING * * *
The killer bee stings you but does no damage.
You closely miss the killer bee.
Your tail-slap misses the killer bee.
You feel sick. The killer bee completely misses you.
The killer bee barely misses you.
You closely miss the killer bee.
You feel sick. You block the killer bee's attack. The killer bee stings you!
You die...

#........).†....##..#.#..##.
#######.#####.#..##.....##..
####'### #.#...#.....#..#
#......# #.#............#
#......# #.#......##....#
#......# #.#......####.##
#......# #.####'######...
#......###.# #.......####
#......y@..###.).....#
#......###..##.......#
#......# #....#+######
#......# ##...#.### ###
######## ###.....## #..
#########.#....# #.#
#.........###..####.#
#.........# #....##..
#.........###..).####


You could see a killer bee.

Vanquished Creatures
  Sigmund (D:4)
  An ice beast (D:4)
  2 ogres (D:4)
  A necrophage (D:4)
  3 wights (D:5)
  A killer bee (D:5)
  2 hounds (D:4)
  2 iguanas
  An orc wizard (D:4)
  3 adders
  A worm (D:2)
  3 dart slugs
  5 orcs
  4 endoplasms
  A giant cockroach (D:3)
  5 goblins
  4 hobgoblins
  3 kobolds (D:1)
  3 quokkas
  8 ball pythons
  4 bats
  2 frilled lizards
  6 rats
66 creatures vanquished.

Vanquished Creatures (others)
  6 plants (D:2)
6 creatures vanquished.

Grand Total: 72 creatures vanquished

Notes
Turn   | Place    | Note
-------+----------+-------------------------------------------
     0 | D:1      | jlumianski the Demonspawn Fighter began the quest for the
                  | Orb.
     0 | D:1      | Reached XP level 1. HP: 18/18 MP: 1/1
    35 | D:1      | Reached skill level 2 in Axes
   209 | D:1      | Gained mutation: You are partially covered in large bone
                  | plates. (SH +4) [demonic ancestry]
   209 | D:1      | Reached XP level 2. HP: 24/24 MP: 2/2
   281 | D:1      | You fall into a shaft and drop 1 floor!
  1030 | D:2      | Reached XP level 3. HP: 27/29 MP: 3/3
  1531 | D:2      | Found Leylucia's Assorted Antiques.
  1713 | D:2      | Gained mutation: You have a pair of small antennae on your
                  | head. [potion of mutation]
  1713 | D:2      | Gained mutation: You expend magic power (3 MP) to
                  | strengthen your wands. [potion of mutation]
  1713 | D:2      | Gained mutation: You have hidden genetic potential. [potion
                  | of mutation]
  1844 | D:3      | Reached skill level 3 in Axes
  2312 | D:4      | Gained mutation: You have a small tail. [demonic ancestry]
  2312 | D:4      | Reached XP level 4. HP: 35/35 MP: 4/4
  2323 | D:4      | Found a staircase to the Ecumenical Temple.
  2335 | Temple   | Entered the Ecumenical Temple
  2545 | Temple   | Became a worshipper of Qazlal Stormbringer
  3076 | D:4      | Noticed a necrophage
  3082 | D:4      | Killed a necrophage
  3098 | D:4      | Gained mutation: You are mostly covered in large bone
                  | plates. (SH +6) [hidden potential]
  3103 | D:4      | Reached XP level 5. HP: 41/41 MP: 5/5
  3186 | D:5      | Entered Level 5 of the Dungeon
  3186 | D:5      | Found Opruozy's Jewellery Shop.
  3200 | D:5      | Noticed an ice beast
  3202 | D:5      | Noticed a phantom
  3220 | D:4      | Killed an ice beast
  3221 | D:4      | Reached skill level 4 in Axes
  3223 | D:4      | Gained mutation: Your muscles are strong. (Str +4, Int/Dex
                  | -1) [hidden potential]
  3223 | D:4      | Lost mutation: You have hidden genetic potential. [hidden
                  | potential expressed]
  3272 | D:5      | Noticed a black bear
  3427 | D:4      | Reached XP level 6. HP: 44/48 MP: 6/6
  3492 | D:4      | Noticed Sigmund
  3501 | D:4      | Killed Sigmund
  3616 | D:4      | Gained mutation: You regenerate a little health from kills.
                  | [demonic ancestry]
  3616 | D:4      | Reached XP level 7. HP: 53/53 MP: 7/7
  3666 | D:4      | Reached skill level 5 in Axes
  3666 | D:4      | Reached skill level 1 in Dodging
  4056 | D:4      | Slain by a killer bee

Illustrated notes

Levels and vault maps discovered:
D:1:      psy_arrival_terrarium, layout_basic, kennysheep_flooded_box
D:2:      layout_loops_ring, basic_altar, serial_shops, shop, serial_forest,
          infiniplex_forest_straight_2, infiniplex_forest_end_double,
          infiniplex_forest_straight_2, infiniplex_forest_straight_4,
          infiniplex_forest_lined_2, infiniplex_forest_lined_room_,
          infiniplex_forest_end_3, infiniplex_forest_straight_2,
          infiniplex_forest_clump_medium
D:3:      layout_basic
D:4:      layout_basic, minmay_temple_entry_waves, uniq_sigmund
D:5:      nicolae_cairo_tiling, layout_cave_pools, serial_shops,
          nicolae_square_shop
Temple:   mainiacjoe_temple_big_plus

Skill      XL: |  1  2  3  4  5  6  7 |
---------------+----------------------+-----
Axes           | 2 3 4 5 |  5.4
Shields        | 3 4 |  4.4
Armour         | 3 4 |  4.5
Dodging        | 1 |  1.1
Fighting       | |  3.9
Throwing       | |  0.9
Stealth        | |  0.5

Action                   |  1- 3 |  4- 6 |  7- 9 || total
-------------------------+-------+-------+-------++-------
Melee: War axe           |   103 |    62 |    40 ||   205
       Tailslap          |       |     7 |     5 ||    12
Throw: Dart              |       |     8 |       ||     8
       Javelin           |       |       |     3 ||     3
  Use: Scroll            |     5 |     3 |       ||     8
       Potion            |     1 |     1 |     1 ||     3
Armor: Scale mail        |    39 |    20 |    17 ||    76
Dodge: Dodged            |    43 |    31 |    29 ||   103
Block: Buckler           |    46 |    32 |    33 ||   111

Table legend: (Time is in decaauts)
 A = Elapsed time spent in this place.
 B = Non-inter-level travel time spent in this place.
 C = Inter-level travel time spent in this place.
 D = Time resting spent in this place.
 E = Time spent auto-exploring this place.
 F = Levels seen in this place.
 G = Mean time per level.
                   A        B        C        D        E       F      G
               +--------+--------+--------+--------+--------+-----+--------+
         Total |   4139 |   4038 |    101 |    135 |   2157 |   6 |  689.8 |
       Dungeon |   3881 |   3780 |    101 |    135 |   1968 |   5 |  776.2 |
        Temple |    257 |    257 |      0 |      0 |    189 |   1 |  257.0 |
               +--------+--------+--------+--------+--------+-----+--------+

Top non-repeatable levels by time:
     D:3: 1066 daAuts
     D:1: 932 daAuts
     D:2: 806 daAuts
     D:4: 802 daAuts
     D:5: 273 daAuts
  Temple: 257 daAuts
